 Dungeon Crawl Stone Soup version 0.26.1-11-gd32895ea62 (webtiles) character file.

Game seed: 357310730222741

2909 Almogavar the Poker (level 9, -4/62 HPs)
             Began as a Demonspawn Fighter on Apr 21, 2021.
             Was a Believer of Okawaru.
             Slain by a vampire (5 damage)
             ... on level 8 of the Dungeon.
             The game lasted 00:20:38 (7697 turns).

Almogavar the Poker (Demonspawn Fighter)            Turns: 7697, Time: 00:20:38

Health: -4/62      AC: 13    Str: 20    XL:     9   Next: 49%
Magic:  0/9        EV: 11    Int:  9    God:    Okawaru [**....]
Gold:   240        SH: 10    Dex: 15    Spells: 8/8 levels left

rFire    + . .     SeeInvis +   a - +4 spear
rCold    . . .     Faith    .   c - +0 kite shield
rNeg     . . .     Spirit   +   F - +2 chain mail {rF+}
rPois    .         Reflect  .   (no helmet)
rElec    .         Harm     .   (no cloak)
rCorr    .         Rampage  .   p - +0 pair of gloves
Will     .....                  (no boots)
Stlth    ..........             (no amulet)
HPRegen  0.20/turn              C - +4 ring of evasion
MPRegen  0.22/turn              d - ring of see invisible

@: no status effects
A: claws 2, talons 1, agile 1, frail 1, sense surroundings 1, magic shield,
magic regeneration
a: Renounce Religion, Heroism


You were on level 8 of the Dungeon.
You worshipped Okawaru.
Okawaru was pleased with you.
You visited 2 branches of the dungeon, and saw 9 of its levels.

You collected 240 gold pieces.

Inventory:

Hand Weapons
 a - a +4 spear (weapon)
 w - a +0 hand crossbow
Missiles
 x - 25 bolts
Armour
 c - a +0 kite shield (worn)
 o - cursed +0 swamp dragon scales
 p - a +0 pair of gloves (worn)
 u - a +0 tower shield
 F - a +2 chain mail of fire resistance (worn)
Jewellery
 d - a ring of see invisible (right hand)
 j - a +6 ring of strength
 v - an uncursed ring of ice
 C - a +4 ring of evasion (left hand)
 E - an uncursed ring of ice
Wands
 g - a wand of polymorph (29)
 r - a wand of digging (8)
 s - a wand of random effects (21)
 y - a wand of iceblast (18)
Scrolls
 b - 2 scrolls of magic mapping
 e - 2 scrolls of fog
 h - 3 scrolls of remove curse
 i - 2 scrolls of amnesia
 k - a scroll of noise {unknown}
 n - 4 scrolls of teleportation {unknown}
 q - 2 scrolls of enchant weapon {unknown}
 z - a scroll of holy word {unknown}
Potions
 f - 3 potions of curing
 t - a potion of invisibility
 A - a potion of degeneration {unknown}
 B - a potion of brilliance {unknown}
 D - a potion of ambrosia {unknown}


   Skills:
 + Level 6.0 Fighting
 - Level 2.1 Short Blades
 + Level 6.4 Polearms
 + Level 3.8 Crossbows
 + Level 5.8 Armour
 + Level 1.8 Dodging
 + Level 1.1 Stealth
 + Level 5.9 Shields


You had 8 spell levels left.
You didn't know any spells.
Your spell library was empty.

Dungeon Overview and Level Annotations

Branches:
Dungeon (8/15)             Temple (1/1) D:5
   Lair: D:8-11

Altars:
Ashenzari
Cheibriados
Dithmenos
Elyvilon
Fedhas
Kikubaaqudgha
Makhleb
Nemelex Xobeh
Okawaru
Ru
Sif Muna
Uskayaw
Vehumet
Wu Jian
Xom
Zin
The Shining One

Annotations:
D:4 2 transporters
D:5 3 runed translucent doors, Rediskos's ghost, novice HuFE


Innate Abilities, Weirdness & Mutations

You have very sharp fingernails.
You have sharp toenails.
When hurt, damage is shared between your health and your magic reserves.
You regenerate magic rapidly.
You are agile. (Dex +2)
You are frail. (-10% HP)
You passively map a small area around you.


Message History

You barely miss the vampire.
The vampire is severely damaged.
You puncture the vampire! You claw the vampire.
The vampire is almost destroyed.
The vampire hits you but does no damage.
The vampire barely misses you.
You hit the vampire but do no damage. Your kick misses the vampire.
The vampire is almost destroyed.
The vampire is infused with unholy energy.
* * * LOW HITPOINT WARNING * * *
The vampire draws life force from you and is healed!
You feel better. The vampire casts a spell at you. You resist with some effort.
You hit the vampire.
The vampire is almost destroyed.
The vampire hits you!
* * * LOW HITPOINT WARNING * * *
The vampire bites you.
You die...

, #.# . , #.# #.# ##...
#########.###### #.##......
#.....^........# #..#...... #
#..............# #..#....#
#.#..............####..#....#
#>...............+ .).......##
................(####.#.?.....,
......†........@V.(.((..# #* *
#................#####..#.#* *
.................# #..#.#
##...........##### #....#*
###########.#########....# , *
* * ** #..............#* , ,, ,
###########.......# * ,,
#.#..#### , ,, , ###..#


You could see a vampire.

Vanquished Creatures
  Pikel (D:4)
  Maggie (D:6)
  Duvessa (D:6)
  An orc warrior (D:7)
  An ice beast (D:6)
  An ogre (D:3)
  2 centaurs (D:7)
  A bullfrog (D:6)
  A water moccasin zombie (D:7)
  2 scorpions
  Dowan (D:6)
  16 wights
  An electric eel (D:6)
  A jelly (D:5)
  A centaur zombie (D:5)
  A hound (D:3)
  A bullfrog skeleton (D:4)
  An orc wizard (D:7)
  An orc priest (D:6)
  Natasha (thrice) (D:3)
  7 worker ants
  A hound skeleton (D:7)
  8 adders
  7 gnolls
  A white imp (D:5)
  An ufetubus (D:7)
  2 worms (D:2)
  4 dart slugs
  4 leopard geckos
  12 orcs
  4 bats
  9 giant cockroaches
  2 goblins
  6 hobgoblins
  5 jackals
  A quokka (D:6)
  2 ball pythons
  6 frilled lizards
  2 kobolds (D:1)
  A leopard gecko skeleton (D:4)
  A quokka zombie (D:5)
  6 rats
131 creatures vanquished.

Notes
Turn   | Place    | Note
-------+----------+-------------------------------------------
     0 | D:1      | Almogavar the Demonspawn Fighter began the quest for the
                  | Orb.
     0 | D:1      | Reached XP level 1. HP: 18/18 MP: 1/1
   254 | D:1      | Gained mutation: You have sharp fingernails. [demonic
                  | ancestry]
   254 | D:1      | Reached XP level 2. HP: 24/24 MP: 2/2
  1091 | D:2      | Reached XP level 3. HP: 23/29 MP: 3/3
  2064 | D:3      | Reached skill level 1 in Polearms
  2064 | D:3      | Reached XP level 4. HP: 35/35 MP: 4/4
  2100 | D:3      | Noticed Natasha
  2105 | D:3      | Killed Natasha
  2368 | D:3      | Noticed Natasha
  2382 | D:3      | Killed Natasha
  2404 | D:3      | Noticed Natasha
  2422 | D:3      | Killed Natasha
  2423 | D:3      | Gained mutation: When hurt, damage is shared between your
                  | health and your magic reserves. [demonic ancestry]
  2423 | D:3      | Reached XP level 5. HP: 5/41 MP: 5/5
  3349 | D:3      | Reached skill level 1 in Dodging
  3393 | D:4      | Noticed an ogre
  3404 | D:3      | Killed an ogre
  3405 | D:3      | Gained mutation: You have sharp toenails. [demonic
                  | ancestry]
  3405 | D:3      | Reached XP level 6. HP: 48/48 MP: 6/6
  3492 | D:4      | Found a transporter.
  3598 | D:4      | Found a transporter.
  3878 | D:4      | Noticed Pikel
  3890 | D:4      | Killed Pikel
  3891 | D:4      | Reached skill level 5 in Fighting
  3891 | D:4      | Gained mutation: You regenerate magic rapidly. [demonic
                  | ancestry]
  3891 | D:4      | Reached XP level 7. HP: 47/56 MP: 5/7
  4202 | D:4      | Noticed a fire bat
  4226 | D:5      | Entered Level 5 of the Dungeon
  4233 | D:5      | Gained mutation: You have very sharp fingernails. [demonic
                  | ancestry]
  4233 | D:5      | Reached XP level 8. HP: 58/62 MP: 8/8
  4382 | D:5      | Found a burning altar of Makhleb.
  4461 | D:5      | Found a sacrificial altar of Ru.
  4461 | D:5      | Found a broken altar of Ashenzari.
  4471 | D:5      | Found a blossoming altar of Fedhas.
  4490 | D:5      | Found a staircase to the Ecumenical Temple.
  4500 | Temple   | Entered the Ecumenical Temple
  4532 | Temple   | Became a worshipper of Warmaster Okawaru
  4599 | D:5      | Found Helor's General Store.
  4772 | D:5      | Found a runed translucent gate.
  4773 | D:5      | Found a runed translucent gate.
  4773 | D:5      | Found a runed translucent gate.
  4778 | D:5      | Noticed Rediskos's ghost (novice HuFE)
  5343 | D:6      | Reached skill level 1 in Crossbows
  5512 | D:6      | Reached skill level 5 in Polearms
  5576 | D:6      | Reached * piety under Okawaru
  5577 | D:6      | Reached skill level 5 in Armour
  5732 | D:6      | Noticed Dowan
  5743 | D:6      | Killed Dowan
  5751 | D:6      | Noticed Duvessa
  5761 | D:6      | Gained mutation: You are agile. (Dex +2) [potion of
                  | mutation]
  5761 | D:6      | Gained mutation: You are frail. (-10% HP) [potion of
                  | mutation]
  5761 | D:6      | Gained mutation: You passively map a small area around you.
                  | [potion of mutation]
  5767 | D:6      | Reached skill level 5 in Shields
  5777 | D:6      | Killed Duvessa
  6065 | D:6      | Noticed Maggie
  6095 | D:6      | Killed Maggie
  6096 | D:6      | Reached XP level 9. HP: 17/62 MP: 6/9
  6846 | D:7      | Reached ** piety under Okawaru
  6960 | D:7      | Reached skill level 1 in Stealth
  7391 | D:7      | Found a shadowy altar of Dithmenos.
  7667 | D:8      | HP: 3/62 [vampire/vampiric draining (13)]
  7672 | D:8      | HP: 1/62 [vampire/vampiric draining (8)]
  7677 | D:8      | HP: 1/62 [vampire/vampiric draining (10)]
  7695 | D:8      | HP: 1/62 [vampire/vampiric draining (7)]
  7697 | D:8      | Slain by a vampire

Illustrated notes

Levels and vault maps discovered:
D:1:      lightli_arrival_flooded_house, layout_basic, kennysheep_small_spiral,
          chequers_serial_rivers_room_b
D:2:      layout_basic
D:3:      layout_basic, uniq_natasha
D:4:      gammafunk_cloud_chamber, layout_gridville, uniq_pikel
D:5:      layout_cave_pods, grunt_temple_overflow_cloverleaf,
          minmay_temple_entry_junction, gammafunk_ghost_split, serial_shops,
          shop
D:6:      layout_rooms, minivault_14, uniq_maggie, uniq_duvessa
D:7:      layout_basic, nicolae_dithmenos_the_darkroom, corexii_corridor_pit
D:8:      layout_basic
Temple:   regret_index_temple_waves

Skill      XL: |  1  2  3  4  5  6  7  8  9 |
---------------+----------------------------+-----
Short Blades   | 2 |  2.1
Shields        | 3 4 5 |  5.9
Polearms       | 1 2 4 5 6 |  6.4
Armour         | 3 4 5 |  5.8
Dodging        | 1 |  1.8
Fighting       | 5 6 |  6.0
Crossbows      | 3 |  3.8
Stealth        | 1 |  1.1

Action                   |  1- 3 |  4- 6 |  7- 9 || total
-------------------------+-------+-------+-------++-------
Melee: Rapier            |    30 |       |       ||    30
       Spear             |    93 |   137 |   318 ||   548
       Kick              |       |    13 |    97 ||   110
       Unarmed           |       |       |     1 ||     1
 Fire: Hand crossbow     |       |     7 |    45 ||    52
  Use: Scroll            |     4 |     1 |     8 ||    13
       Potion            |       |     1 |     9 ||    10
Armor: Scale mail        |    33 |       |       ||    33
       Chain mail        |     8 |    44 |    65 ||   117
Dodge: Dodged            |    21 |    15 |    91 ||   127
Block: Kite shield       |    46 |    56 |   108 ||   210
